 Dungeon Crawl Stone Soup version 0.30.0-29-ga12c61a403 (webtiles) character file.

Game seed: 14358099164086789338

16 BONEBRO the Chopper (level 2, -1/27 HPs)
             Began as a Hill Orc Monk on June 15, 2023.
             Slain by a cerulean imp
             ... wielding a +2 spear
             ... summoned by Natasha
              (2 damage)
             ... on level 2 of the Dungeon.
             The game lasted 00:02:53 (750 turns).

BONEBRO the Chopper (Hill Orc Monk)                  Turns: 750, Time: 00:02:55

Health: -1/27      AC:  3    Str: 13    XL:     2   Next: 54%
Magic:  2/2        EV: 12    Int: 10    God:
Gold:   73         SH:  0    Dex: 13    Spells: 1/1 levels left

rFire   . . .        a - +0 hand axe
rCold   . . .        d - orb {light}
rNeg    . . .        i - +0 leather armour
rPois   .            (no helmet)
rElec   .            (no cloak)
rCorr   .            (no gloves)
SInv    .            (no boots)
Will    .....        (no amulet)
Stlth   +            (no ring)
HPRegen 0.24/turn    (no ring)
MPRegen 0.08/turn

%: no passive effects
@: slowed, glowing, very slow
A: no striking features
a: no special abilities


You were on level 2 of the Dungeon.
You visited 1 branch of the dungeon, and saw 2 of its levels.

You collected 73 gold pieces.

Inventory:

Hand Weapons
 a - a +0 hand axe (weapon)
Armour
 b - a +0 robe
 d - an orb of light (worn)
 i - a +0 leather armour (worn)
Scrolls
 e - a scroll of noise {unknown}
 f - a scroll of fog {unknown}
 h - a scroll of blinking {unknown}
Potions
 c - a potion of ambrosia
 g - a potion of haste {unknown}


   Skills:
 + Level 4.0 Fighting
 * Level 4.5 Axes
 * Level 0.8 Armour
 - Level 2.4 Dodging


You had one spell level left.
You didn't know any spells.
Your spell library contained the following spells:

 Spells                   Type           Power      Damage    Failure   Level
 Apportation              Tloc           0%         N/A       43%         1
 Kiss of Death            Conj/Necr      0%         2d5       43%         1
 Necrotise                Necr           0%         1d4       43%         1
 Summon Small Mammal      Summ           0%         N/A       43%         1
 Confusing Touch          Hex            0%         N/A       82%         3
 Gell's Gravitas          Tloc           0%         N/A       82%         3
 Teleport Other           Tloc           0%         N/A       82%         3
 Dispel Undead            Necr           0%         3d6       99%         4
 Dispersal                Tloc           0%         N/A       100%        6


Dungeon Overview and Level Annotations

Branches:
Dungeon (2/15)

Altars:
Xom

Shops:
D:1 *

Annotations:
D:2 Natasha


Message History

You continue putting on your +0 leather armour. x5
You finish putting on your +0 leather armour.
You see here a +0 spear.
Found a quarterstaff.
Natasha, Servant of Life and Death comes into view.
Natasha moves out of view.
Natasha misses you.
You hit Natasha but do no damage. Natasha closely misses you.
You barely miss Natasha.
Natasha mumbles some strange words.
You hit Natasha but do no damage.
Natasha wildly gestures.
Natasha glows brightly for a moment.
Natasha barely misses you.
The cerulean imp hits you from afar with a +2 spear.
You hit Natasha.
Natasha is moderately wounded.
Natasha claws you. The cerulean imp barely misses you. Natasha claws you.
You hit Natasha.
Natasha is heavily wounded.
The cerulean imp hits you from afar with a +2 spear.
Natasha claws you.
You are too injured to fight recklessly!
You hit Natasha but do no damage.
Natasha is heavily wounded.
The cerulean imp barely misses you.
Natasha stares at you and mumbles some strange words.
You feel yourself slow down.
You closely miss Natasha.
Natasha is heavily wounded.
The cerulean imp hits you from afar with a +2 spear.
Natasha claws you.
* * * LOW HITPOINT WARNING * * *
You barely miss Natasha.
Natasha is heavily wounded.
The cerulean imp hits you from afar with a +2 spear.
* * * LOW HITPOINT WARNING * * *
Natasha casts a spell.
The cerulean imp hits you from afar with a +2 spear.
You die...

#......... #........
#.......# #.......#
#.......# #
#...5..)# #
#..5....# #
#...h@..#
#################.##
..................#
###################
# # # # #


You could see Natasha and 2 cerulean imps.

Vanquished Creatures
  3 endoplasms (D:1)
  A giant cockroach (D:1)
  3 goblins (D:1)
  A hobgoblin (D:1)
  2 ball pythons (D:1)
  2 bats (D:1)
  3 frilled lizards (D:1)
  A kobold (D:1)
  A rat (D:1)
17 creatures vanquished.

Notes
Turn   | Place    | Note
-------+----------+-------------------------------------------
     0 | D:1      | BONEBRO the Hill Orc Monk began the quest for the Orb.
     0 | D:1      | Reached XP level 1. HP: 19/19 MP: 1/1
   170 | D:1      | Found Fufoh's Assorted Antiques.
   181 | D:1      | Reached XP level 2. HP: 27/27 MP: 2/2
   699 | D:2      | Found a shimmering altar of Xom.
   740 | D:2      | Noticed Natasha
   750 | D:2      | HP: 1/27 [cerulean imp/+2 spear[Natasha] (5)]
   750 | D:2      | Slain by a cerulean imp

Illustrated notes

Levels and vault maps discovered:
D:1:      eino_arrival_cavern_b, layout_loops_ring, serial_shops, shop,
          minmay_cupped
D:2:      layout_basic, hellmonk_ecumenical_altar_inner_sanctum, basic_altar,
          serial_shops, shop, roderic_roman_lattice, chequers_jeans,
          uniq_natasha

Skill      XL: |  1  2 |
---------------+-------+-----
Fighting       | 4 |  4.0
Axes           | |  4.5
Armour         | |  0.8
Dodging        | |  2.4

Action                     || total
---------------------------++-------
  Melee: Hand axe          ||    55
 Armour: Robe              ||     9
  Dodge: Dodged            ||    38
